 Dungeon Crawl Stone Soup version 0.29.1-15-g9cfb28693d (webtiles) character file.

Game seed: 17018374620181696980

282 tevo3000 the Sneak (level 6, -1/32 HPs)
             Began as a Spriggan Brigand on Mar 2, 2023.
             Slain by an orc
             ... wielding a +0 flail
              (4 damage)
             ... on level 4 of the Dungeon.
             The game lasted 00:07:13 (4259 turns).

tevo3000 the Sneak (Spriggan Brigand)               Turns: 4259, Time: 00:07:13

Health: -1/32      AC:  2    Str:  7    XL:     6   Next: 6%
Magic:  7/7        EV: 19    Int: 12    God:
Gold:   181        SH:  0    Dex: 19    Spells: 5/5 levels left

rFire   . . .      SeeInvis +   a - +2 dagger
rCold   . . .      Faith    .   l - orb {*Rage}
rNeg    . . .      Spirit   .   b - +0 robe
rPois   .          Reflect  .   (helmet restricted)
rElec   .          Harm     +   j - scarf {harm}
rCorr   .          Rampage  .   (gloves unavailable)
Will    +....      Rage     20% (boots unavailable)
Stlth   ++++......              (no amulet)
HPRegen 0.10/turn               (no ring)
MPRegen 0.10/turn               (no ring)

@: on berserk cooldown, slowed, quick
A: very small, no large weapons, unfitting armour, see invisible, speed 3
a: no special abilities


You were on level 4 of the Dungeon.
You visited 1 branch of the dungeon, and saw 4 of its levels.

You collected 181 gold pieces.

Inventory:

Hand Weapons
 a - a +2 dagger (weapon)
Missiles
 d - 12 poisoned darts (quivered)
 e - 3 curare-tipped darts
 r - 2 atropa-tipped darts
Armour
 b - a +0 robe (worn)
 c - a +0 cloak
 j - a scarf of harm (worn)
 l - an orb of wrath (worn)
Jewellery
 p - a ring of ice
Scrolls
 g - 2 scrolls of identify {unknown}
 m - a scroll of fear {unknown}
 n - a scroll of summoning {unknown}
 o - 3 scrolls of teleportation {unknown}
 s - a scroll of enchant armour {unknown}
Potions
 f - a potion of attraction {unknown}
 h - a potion of ambrosia {unknown}
 k - 2 potions of brilliance
 q - a potion of resistance {unknown}


   Skills:
 + Level 2.7 Fighting
 * Level 4.7 Short Blades
 - Level 2.0 Throwing
 + Level 3.7 Dodging
 + Level 7.2 Stealth


You had 5 spell levels left.
You didn't know any spells.
Your spell library contained the following spells:

 Spells                   Type           Power      Damage    Failure   Level
 Apportation              Tloc           0%         N/A       32%         1
 Freeze                   Ice            0%         1d3       32%         1
 Necrotise                Necr           0%         1d4       32%         1
 Summon Small Mammal      Summ           0%         N/A       32%         1
 Blink                    Tloc           0%         N/A       45%         2
 Frozen Ramparts          Ice            0%         1d1       69%         3
 Lesser Beckoning         Tloc           0%         N/A       69%         3
 Hailstorm                Conj/Ice       0%         3d3       97%         4
 Manifold Assault         Tloc           0%         N/A       100%        5


Dungeon Overview and Level Annotations

Branches:
Dungeon (4/15)
 Temple: D:4-7

Altars:
Fedhas


Innate Abilities, Weirdness & Mutations

You are very small and have problems with some larger weapons.
You are too small for most types of armour.
You have supernaturally acute eyesight. (SInv)
You cover ground extremely quickly. (Speed+++)


Message History

The iguana closely misses you.
There is an open door here.
You hit the iguana.
The iguana is heavily wounded.
The iguana closely misses you. The endoplasm freezes you.
You are frozen.
* * * LOW HITPOINT WARNING * * *
It was a potion of curing.
You feel better. The iguana misses you.
You barely miss the iguana.
The iguana is moderately wounded.
The iguana closely misses you. The endoplasm closely misses you.
You hit the iguana but do no damage.
The iguana is moderately wounded.
The endoplasm misses you. The iguana bites you!
* * * LOW HITPOINT WARNING * * *
A red film seems to cover your vision as you go berserk!
You feel yourself moving faster!
You feel mighty!
You closely miss the iguana.
The iguana is moderately wounded.
Unknown command.
Okay, then.
You are too berserk!
You hit the iguana.
The iguana is severely wounded.
You puncture the iguana!
You kill the iguana!
You have reached level 6!
You hit the endoplasm.
The endoplasm is moderately wounded.
You puncture the endoplasm!
You kill the endoplasm!
You feel a strong urge to attack something.
You feel your anger nearly subside.
You are no longer berserk.
You are exhausted.
You feel yourself slow down.
The orc shouts!
You closely miss the orc. You hit the orc but do no damage.
The orc hits you with a +0 flail.
You die...

#....l.o.......###
######..######.........
#....#.......#.........
#............#.........
#........#####.........
#....##'##.........<...
#.... #..#...o.........
#######o.#.[..#########
#@o.#..o. #...#....
#..##.... ###.... ....
...... ...... ..####


You could see 2 orcs.

Vanquished Creatures
  Pargi (D:3)
  Jessica (D:3)
  An iguana (D:4)
  2 adders (D:3)
  6 gnolls (D:2)
  2 worms
  A dart slug (D:1)
  An orc (D:3)
  7 bats
  4 endoplasms
  A giant cockroach (D:1)
  3 goblins (D:1)
  5 hobgoblins
  3 jackals (D:3)
  A kobold (D:1)
  A quokka (D:2)
  5 ball pythons
  A frilled lizard (D:1)
  6 rats
52 creatures vanquished.

Notes
Turn   | Place    | Note
-------+----------+-------------------------------------------
     0 | D:1      | tevo3000 the Spriggan Brigand began the quest for the Orb.
     0 | D:1      | Reached XP level 1. HP: 10/10 MP: 2/2
    79 | D:1      | Found a faded altar of an unknown god.
   109 | D:1      | Reached skill level 6 in Stealth
   341 | D:1      | Reached XP level 2. HP: 15/15 MP: 3/3
  1809 | D:2      | Reached XP level 3. HP: 18/18 MP: 4/4
  2618 | D:2      | Reached XP level 4. HP: 23/23 MP: 5/5
  3243 | D:3      | Noticed Pargi
  3264 | D:3      | Killed Pargi
  3265 | D:3      | Reached skill level 7 in Stealth
  3265 | D:3      | Reached XP level 5. HP: 27/27 MP: 6/6
  3358 | D:3      | Found a blossoming altar of Fedhas.
  3365 | D:3      | Noticed Jessica
  3378 | D:3      | Killed Jessica
  4247 | D:4      | HP: 1/27 [iguana (12)]
  4252 | D:4      | Reached XP level 6. HP: 3/32 MP: 7/7
  4259 | D:4      | Slain by an orc

Illustrated notes

Levels and vault maps discovered:
D:1:      roderic_chinese_lattice_arrival, layout_basic,
          shapermc_ecumenical_altar_totnotflames
D:2:      layout_basic
D:3:      layout_loops_ring, fedhas_ov_isle_minmay, serial_forest,
          infiniplex_forest_clump_large, infiniplex_forest_clump_small,
          infiniplex_forest_diagonal, infiniplex_forest_lined_3_way,
          infiniplex_forest_zigzag_1, infiniplex_forest_end_2,
          infiniplex_forest_clump_long, infiniplex_forest_lined_corner,
          st_stairs_6, uniq_pargi, uniq_jessica
D:4:      layout_gridville, uniq_edmund

Skill      XL: |  1  2  3  4 |
---------------+-------------+-----
Stealth        | 6 7 |  7.2
Dodging        | 2 3 |  3.7
Short Blades   | 3 4 |  4.7
Fighting       | 2 |  2.7
Throwing       | |  2.0

Action                   |  1- 3 |  4- 6 || total
-------------------------+-------+-------++-------
Melee: Dagger            |    83 |    56 ||   139
  Use: Potion            |     2 |     1 ||     3
 Stab: Sleeping          |    10 |     4 ||    14
       Distracted        |     1 |       ||     1
Armor: Robe              |     6 |     2 ||     8
Dodge: Dodged            |    53 |    39 ||    92
